 Dungeon Crawl Stone Soup version 0.21.1-1-g345015f (webtiles) character file.

375 Fang the Chopper (level 6, -1/39 HPs)
             Began as a Gargoyle Berserker on June 14, 2018.
             Was a Believer of Trog.
             Killed from afar by an orc wizard (3 damage)
             ... with a magic dart
             ... on level 4 of the Dungeon.
             The game lasted 00:03:49 (3569 turns).

Fang the Chopper (Gargoyle Berserker)               Turns: 3569, Time: 00:03:50

Health: -1/39      AC:  9    Str: 22    XL:     6   Next: 73%
Magic:  6/6        EV: 12    Int:  8    God:    Trog [**....]
Gold:   232        SH:  0    Dex:  9    Spells: 5/5 levels left

rFire    + . .     SeeInvis +   a - +1 hand axe
rCold    . . .     Gourm    +   (no shield)
rNeg     + . .     Faith    .   l - +0 leather armour {rF+}
rPois    ∞         Spirit   .   (no helmet)
rElec    +         Reflect  .   (no cloak)
rCorr    .         Harm     .   (no gloves)
MR       +....     Clarity  +   (no boots)
Stlth    +.........             p - amulet of the gourmand
HPRegen  0.13/turn              m - ring of see invisible
MPRegen  0.10/turn              t - ring of protection from magic

@: about to teleport, berserk cooldown, slowed, very slow
A: icy blue scales 1, clarity, negative energy resistance 1, electricity
resistance, unbreathing, petrification resistance, rot immunity, AC +4
a: Berserk, Trog's Hand, Burn Spellbooks, Renounce Religion


You were on level 4 of the Dungeon.
You worshipped Trog.
Trog was pleased with you.
You were near starving.

You visited 1 branch of the dungeon, and saw 4 of its levels.

You collected 232 gold pieces.

Inventory:

Hand Weapons
 a - a +1 hand axe (weapon)
Armour
 l - a +0 leather armour of fire resistance (worn)
Jewellery
 m - a ring of see invisible (left hand)
 p - an amulet of the gourmand (around neck)
 q - an uncursed ring of ice
 t - a ring of protection from magic (right hand)
Wands
 b - a wand of iceblast (11)
 i - a wand of paralysis (3)
Scrolls
 e - 4 scrolls of teleportation
 n - a scroll of remove curse
Potions
 d - a potion of resistance
 f - 3 potions of ambrosia {unknown}
 g - a potion of agility {unknown}
 h - 2 potions of heal wounds {unknown}
 j - a potion of invisibility {unknown}
Comestibles
 c - 8 rations


   Skills:
 + Level 4.6 Fighting
 + Level 4.9 Axes
 + Level 3.0 Armour
 + Level 2.9 Dodging
 + Level 1.4 Stealth


You had 5 spell levels left.
You didn't know any spells.

Dungeon Overview and Level Annotations

Branches:
Dungeon (4/15)
 Temple: D:4-7

Altars:

Annotations:
D:4 Lucherd's ghost, amateur MiFi


Innate Abilities, Weirdness & Mutations

You are resistant to torment.
Your stone body is resilient. (AC +4)
You are immune to poison.
You resist negative energy. (rN+)
You are resistant to electric shocks. (rElec)
You can survive without breathing.
You are immune to petrification.
You are immune to rotting.
You are partially covered in icy blue scales. (AC +2)
You possess an exceptional clarity of mind.


Message History

You see here a frilled lizard corpse.
You feel a strong urge to attack something.
You are no longer berserk.
You are exhausted.
You feel yourself slow down. Lucherd's ghost misses you.
As you read the scroll of teleportation, it crumbles to dust.
You feel strangely unstable.
The orc wizard gestures at you while chanting.
The magic dart hits you!
* * * LOW HITPOINT WARNING * * *
Lucherd's ghost barely misses you.
Unknown command.
You hit the orc wizard.
The orc wizard is severely wounded.
You hit Lucherd's ghost but do no damage.
Lucherd's ghost hits you!
* * * LOW HITPOINT WARNING * * *
The orc wizard casts a spell at you. The magic dart hits you!
You die...

#..# .# ##.# .# #.##
.# #..# .# #..# .# #
#.####.####.#.# #
#.......).....# #
###########..#####.#
# ......W@o....# #
.....#####.#..# #
### #.#..# # .o..>#
# ##.#### # ... #
#.# # #.. #


You could see an orc wizard and Lucherd's ghost.

Vanquished Creatures
  An ogre (D:4)
  The ghost of Lucherd the Ogre Mage, an amateur OgWz (D:3)
  Ijyb (D:4)
  2 orc wizards (D:3)
  3 adders
  An ooze (D:2)
  A worm (D:2)
  2 dart slugs (D:1)
  A leopard gecko (D:1)
  6 orcs
  6 bats
  A giant cockroach (D:4)
  3 goblins
  A hobgoblin (D:1)
  25 jackals
  9 kobolds
  A quokka (D:2)
  3 frilled lizards
  8 rats
76 creatures vanquished.

Notes
Turn   | Place    | Note
-------+----------+-------------------------------------------
     0 | D:1      | Fang the Gargoyle Berserker began the quest for the Orb.
     0 | D:1      | Reached XP level 1. HP: 14/14 MP: 1/1
   574 | D:1      | Reached XP level 2. HP: 19/19 MP: 2/2
   796 | D:1      | Reached XP level 3. HP: 16/24 MP: 3/3
   837 | D:1      | Reached ** piety under Trog
  1745 | D:2      | Reached XP level 4. HP: 23/29 MP: 4/4
  2237 | D:3      | Noticed Lucherd's ghost (amateur OgWz)
  2255 | D:3      | Gained mutation: Armour fits poorly on your strangely shaped body. [potion of mutation]
  2255 | D:3      | Gained mutation: You possess an exceptional clarity of mind. [potion of mutation]
  2255 | D:3      | Lost mutation: Armour fits poorly on your strangely shaped body. [potion of mutation]
  2255 | D:3      | Gained mutation: You are partially covered in icy blue scales. (AC +2) [potion of mutation]
  2447 | D:3      | Reached XP level 5. HP: 25/33 MP: 5/5
  2998 | D:3      | Killed Lucherd's ghost
  2998 | D:3      | Reached skill level 1 in Stealth
  2998 | D:3      | Reached XP level 6. HP: 39/39 MP: 6/6
  3211 | D:4      | Noticed Ijyb
  3215 | D:4      | Paralysed by Ijyb for 4 turns
  3224 | D:4      | Paralysed by Ijyb for 3 turns
  3243 | D:4      | Killed Ijyb
  3563 | D:4      | Noticed Lucherd's ghost (amateur MiFi)
  3569 | D:4      | Killed from afar by an orc wizard

Skill      XL: |  1  2  3  4  5  6 |
---------------+-------------------+-----
Axes           | 3 4 |  4.9
Dodging        | 2 |  2.9
Fighting       | 4 |  4.6
Stealth        | 1 |  1.4
Armour         | 3 |  3.0

Action                   |  1- 3 |  4- 6 || total
-------------------------+-------+-------++-------
Melee: Hand axe          |   149 |   159 ||   308
Invok: Berserk           |     3 |     5 ||     8
  Use: Scroll            |       |     9 ||     9
       Potion            |       |     1 ||     1
 Stab: Sleeping          |     1 |       ||     1
       Distracted        |       |     1 ||     1
  Eat: Chunk             |     6 |    10 ||    16
Armor: Animal skin       |    67 |       ||    67
       Leather armour    |     5 |    76 ||    81
Dodge: Dodged            |   169 |   101 ||   270
